 Dungeon Crawl Stone Soup version 0.29-a0-973-gac7da5f7f0 (webtiles) character file.

Game seed: 8047620771909476529

4 xian the Trooper (level 1, -1/20 HPs)
             Began as a Minotaur Fighter on Aug 1, 2022.
             Succumbed to a kobold's poison
             ... on level 1 of the Dungeon.
             The game lasted 00:00:25 (119 turns).

xian the Trooper (Minotaur Fighter)                  Turns: 119, Time: 00:00:25

Health: -1/20      AC:  7    Str: 20    XL:     1   Next: 58%
Magic:  0/0        EV:  9    Int:  5    God:
Gold:   0          SH:  4    Dex:  9    Spells: 0/0 levels left

rFire   . . .      SeeInvis .   a - +0 flail
rCold   . . .      Faith    .   c - +0 buckler
rNeg    . . .      Spirit   .   b - +0 scale mail
rPois   .          Reflect  .   (helmet restricted)
rElec   .          Harm     .   (no cloak)
rCorr   .          Rampage  .   (no gloves)
Will    .....                   (no boots)
Stlth   ..........              (no amulet)
HPRegen 0.06/turn               (no ring)
MPRegen 0.07/turn               (no ring)

@: lethally poisoned (-1 -> -5)
A: horns 2, retaliatory headbutt
a: no special abilities


You were on level 1 of the Dungeon.
You visited 1 branch of the dungeon, and saw 1 of its levels.

Inventory:

Hand Weapons
 a - a +0 flail (weapon)
Armour
 b - a +0 scale mail (worn)
 c - a +0 buckler (worn)
Potions
 d - a potion of might


   Skills:
 + Level 3.8 Fighting
 + Level 2.4 Maces & Flails
 + Level 3.7 Armour
 + Level 3.7 Shields


You couldn't memorise any spells.
You didn't know any spells.
Your spell library was empty.

Dungeon Overview and Level Annotations

Branches:
Dungeon (1/15)

Altars:


Innate Abilities, Weirdness & Mutations

You have a pair of horns on your head.
You reflexively headbutt those who attack you in melee.


Message History

Found a scroll labelled OXKYEJIASIRCH.
There is an open door here.
You thump the goblin!
You kill the goblin!
A kobold and a frilled lizard come into view.
The kobold throws a stone.
The stone closely misses you.
Things that are here:
a +0 dagger; a goblin corpse The kobold throws a stone.
The stone completely misses you. The kobold hits you but does no damage.
You miss the kobold. Your headbutt misses the kobold.
The kobold throws a stone.
The stone hits you but does no damage.
The kobold hits you with a +0 short sword.
The kobold hits you with a +2 whip of venom.
You are poisoned.
You barely miss the kobold.
You feel very sick.
The kobold hits you but does no damage. x2
You hit the kobold. Your headbutt misses the kobold.
The kobold is moderately wounded.
You feel sick. The kobold hits you but does no damage.
The kobold closely misses you.
The kobold hits you with a +0 short sword.
* * * LOW HITPOINT WARNING * * *
The kobold hits you with a +2 whip of venom.
* * * LOW HITPOINT WARNING * * *
The frilled lizard bites you but does no damage.
The frilled lizard attacks as you move away!
The frilled lizard closely misses you. You furiously retaliate!
You headbutt the frilled lizard.
You kill the frilled lizard!
* * * LOW HITPOINT WARNING * * *
You feel sick. You block the kobold's attack.
Things that are here:
a +0 dagger; a goblin corpse
Okay, then.
Unknown command.
You hit the kobold but do no damage. Your headbutt misses the kobold.
The kobold is moderately wounded.
You die...

##...##### ## #. ###'## .
... #. .# #..### ..
..#####.###. ##...### ...
.....#.... ###.... ....
#...##..# ####.
#....#...##..# ##
.........##..############
.......K@'...†...†......>
.###+#.K.#..........#####
......?#..........#
....K####..........#
#..... #............
...... #.............
...## #.............. ...
#..............


You could see 3 kobolds.

Vanquished Creatures
  A giant cockroach (D:1)
  A goblin (D:1)
  A hobgoblin (D:1)
  A frilled lizard (D:1)
4 creatures vanquished.

Notes
Turn   | Place    | Note
-------+----------+-------------------------------------------
     0 | D:1      | xian the Minotaur Fighter began the quest for the Orb.
     0 | D:1      | Reached XP level 1. HP: 19/19 MP: 0/0
   118 | D:1      | HP: 1/20 [poisoned by a kobold]
   119 | D:1      | Succumbed to a kobold's poison

Illustrated notes

Levels and vault maps discovered:
D:1:      minmay_arrival_split_and_join, layout_basic

Action                   || total
-------------------------++-------
Melee: Flail             ||     7
       Headbutt          ||     1
Armor: Scale mail        ||     7
Dodge: Dodged            ||     6
Block: Buckler           ||     1

Table legend: (Time is in decaauts)
 A = Elapsed time spent in this place.
 B = Non-inter-level travel time spent in this place.
 C = Inter-level travel time spent in this place.
 D = Time resting spent in this place.
 E = Time spent auto-exploring this place.
 F = Levels seen in this place.
 G = Mean time per level.
                   A        B        C        D        E       F      G
               +--------+--------+--------+--------+--------+-----+--------+
         Total |    121 |    121 |      0 |      0 |     94 |   1 |  121.0 |
       Dungeon |    121 |    121 |      0 |      0 |     94 |   1 |  121.0 |
               +--------+--------+--------+--------+--------+-----+--------+

Top non-repeatable levels by time:
     D:1: 121 daAuts
